General information
- name: BNet
- type: Ladder team game (AT/RT)
- host: Battle.net
- saver: DaftCvnt
map: DragonFalls
- players: 8
- length: 26:47
- speed: Fast
- version: 1.26 W3XP
- replay type: Public
» download(178 KB)
Players
team 1 (loser)

»
Dels101 (
green | 62 APM | 1418 actions | 22:42)
3 Mountain King
2 Storm Bolt
1 Bash
2 Archmage
1 Summon Water Elemental
1 Brilliance Aura
» actions
| Assign group hotkey | 37 | |
| Basic commands | 116 | |
| Build / train | 100 | |
| Enter build submenu | 31 | |
| Enter hero's abilities submenu | 5 | |
| Give item / drop item | 2 | |
| Right click | 482 | |
| Select / deselect | 358 | |
| Select group hotkey | 202 | |
| Use ability | 85 | |
1418 total
» units
| Peasant | 21 | |
| Footman | 8 | |
| Goblin Shredder | 1 | |
| Knight | 8 | |
| Priest | 8 | |
| Siege Engine | 4 | |
50 total
» upgrades
| Defend | 1 | |
| Lumber Harvesting | 1 | |
| Plating | 3 | |
| Animal War Training | 1 | |
| Priest Training | 2 | |
| Masonry | 3 | |
| Swords | 3 | |
| Barrage | 1 | |
| Gunpowder | 2 | |
17 total
» buildings
| Altar of Kings | 1 | |
| Farm | 15 | |
| Barracks | 2 | |
| Scout Tower | 14 | |
| Arcane Vault | 1 | |
| Arcane Tower | 2 | |
| Town Hall | 1 | |
| Lumber Mill | 1 | |
| Keep | 1 | |
| Guard Tower | 10 | |
| Blacksmith | 1 | |
| Castle | 1 | |
| Arcane Sanctum | 1 | |
| Workshop | 2 | |
53 total
» build order
00:17 Altar of Kings
00:20 Farm
00:46 Barracks
00:56 Farm
01:40 Scout Tower
01:54 Farm
02:09 Arcane Vault
02:38 Arcane Tower
02:58 Farm
05:00 Town Hall
05:08 Scout Tower
05:09 Scout Tower
05:25 Lumber Mill
05:54 Keep
06:07 Arcane Tower
06:34 Guard Tower
06:41 Farm
07:48 Blacksmith
08:01 Scout Tower
08:35 Guard Tower
09:08 Castle
09:40 Scout Tower
09:41 Scout Tower
09:56 Barracks
10:00 Arcane Sanctum
10:35 Guard Tower
11:22 Guard Tower
12:17 Farm
13:24 Farm
13:25 Farm
13:25 Farm
13:43 Scout Tower
13:47 Scout Tower
13:47 Scout Tower
14:31 Guard Tower
14:54 Scout Tower
14:54 Scout Tower
14:55 Farm
14:56 Farm
15:04 Guard Tower
15:07 Scout Tower
15:08 Scout Tower
15:33 Guard Tower
15:45 Guard Tower
15:56 Guard Tower
16:07 Farm
16:07 Farm
16:59 Guard Tower
18:22 Farm
18:41 Workshop
18:45 Workshop
» items
| Scroll of Regeneration | 4 | |
| Lesser Clarity Potion | 5 | |
| Boots of Speed | 1 | |
| Orb of Fire | 1 | |
| Scroll of Town Portal | 1 | |
12 total
Tehbackstabbar (
red | 39 APM | 1032 actions | 26:46)
4 Dreadlord
2 Sleep
2 Carrion Swarm
1 Pit Lord
1 Rain of Fire
1 Lich
1 Frost Nova
» actions
| Assign group hotkey | 12 | |
| Build / train | 63 | |
| Enter build submenu | 21 | |
| Enter hero's abilities submenu | 6 | |
| Give item / drop item | 1 | |
| Right click | 639 | |
| Select / deselect | 170 | |
| Select group hotkey | 48 | |
| Use ability | 72 | |
1032 total
» units
| Acolyte | 11 | |
| Ghoul | 5 | |
| Crypt Fiend | 18 | |
34 total
» upgrades
| Creature Carapace | 3 | |
| Creature Attack | 2 | |
| Web | 1 | |
| Burrow | 1 | |
7 total
» buildings
| Ziggurat | 9 | |
| Crypt | 1 | |
| Graveyard | 1 | |
| Altar of Darkness | 1 | |
| Tomb of Relics | 2 | |
| Spirit Tower | 3 | |
| Nerubian Tower | 4 | |
| Halls of the Dead | 1 | |
| Black Citadel | 1 | |
| Necropolis | 1 | |
24 total
» build order
00:07 Ziggurat
00:10 Crypt
00:19 Graveyard
01:09 Altar of Darkness
01:39 Ziggurat
02:05 Tomb of Relics
02:11 Tomb of Relics
02:41 Spirit Tower
02:51 Nerubian Tower
02:51 Nerubian Tower
02:51 Nerubian Tower
04:23 Halls of the Dead
05:12 Ziggurat
08:23 Black Citadel
10:00 Ziggurat
10:49 Necropolis
12:18 Spirit Tower
12:24 Ziggurat
12:30 Ziggurat
13:55 Ziggurat
14:00 Ziggurat
15:18 Spirit Tower
15:25 Nerubian Tower
18:35 Ziggurat
» items
swerve_ (
purple | 22 APM | 486 actions | 22:04)
3 Death Knight
2 Death Coil
1 Unholy Aura
1 Dark Ranger
1 Life Drain
» actions
| Build / train | 58 | |
| ESC pressed | 2 | |
| Enter build submenu | 16 | |
| Enter hero's abilities submenu | 4 | |
| Right click | 154 | |
| Select / deselect | 222 | |
| Use ability | 30 | |
486 total
» units
| Acolyte | 10 | |
| Ghoul | 5 | |
| Crypt Fiend | 9 | |
| Goblin Shredder | 1 | |
| Necromancer | 12 | |
37 total
» upgrades
| Creature Attack | 1 | |
| Creature Carapace | 1 | |
| Unholy Strength | 2 | |
| Skeletal Longevity | 1 | |
| Necromancer Training | 2 | |
| Web | 1 | |
| Unholy Armor | 2 | |
| Skeletal Mastery | 1 | |
11 total
» buildings
| Altar of Darkness | 1 | |
| Ziggurat | 7 | |
| Crypt | 1 | |
| Graveyard | 1 | |
| Spirit Tower | 1 | |
| Nerubian Tower | 1 | |
| Halls of the Dead | 1 | |
| Temple of the Damned | 2 | |
| Black Citadel | 1 | |
16 total
» build order
00:22 Altar of Darkness
00:27 Ziggurat
00:50 Crypt
01:23 Graveyard
01:31 Ziggurat
02:12 Ziggurat
02:58 Ziggurat
03:13 Spirit Tower
03:54 Nerubian Tower
04:55 Halls of the Dead
07:17 Temple of the Damned
07:24 Temple of the Damned
09:57 Ziggurat
14:27 Black Citadel
15:40 Ziggurat
15:46 Ziggurat

»
agentknox666 (
blue | 91 APM | 1922 actions | 21:11)
5 Priestess of the Moon
2 Searing Arrows
3 Trueshot Aura
1 Keeper of the Grove
1 Force of Nature
» actions
| Build / train | 247 | |
| Enter build submenu | 25 | |
| Enter hero's abilities submenu | 6 | |
| Remove unit from queue | 11 | |
| Right click | 1114 | |
| Select / deselect | 440 | |
| Use ability | 79 | |
1922 total
» units
| Wisp | 53 | |
| Archer | 38 | |
| Huntress | 24 | |
| Furbolg Shaman | 14 | |
| Thunder Lizard | 17 | |
| Satyr Shadowdancer | 12 | |
| Druid of the Claw | 2 | |
| Hippogryph | 12 | |
| Druid of the Talon | 1 | |
173 total
» upgrades
| Strength of the Moon | 2 | |
| Moon Armor | 1 | |
| Improved Bows | 1 | |
| Druid of the Claw Training | 2 | |
| Strength of the Wild | 1 | |
| Well Spring | 1 | |
| Hippogryph Taming | 0 | |
| Upgrade Moon Glaive | 1 | |
9 total
» buildings
| Altar of Elders | 1 | |
| Moon Well | 6 | |
| Ancient of War | 2 | |
| Hunter's Hall | 2 | |
| Tree of Life | 3 | |
| Ancient Protector | 5 | |
| Tree of Ages | 5 | |
| Tree of Eternity | 3 | |
| Ancient of Wind | 2 | |
| Ancient of Lore | 1 | |
30 total
» build order
00:13 Altar of Elders
00:18 Moon Well
00:36 Ancient of War
01:23 Moon Well
01:26 Moon Well
02:11 Hunter's Hall
02:15 Hunter's Hall
02:39 Ancient of War
03:11 Moon Well
05:31 Moon Well
05:54 Moon Well
06:21 Tree of Life
07:25 Ancient Protector
10:37 Tree of Ages
10:37 Tree of Ages
11:33 Ancient Protector
12:10 Ancient Protector
12:13 Ancient Protector
13:22 Tree of Eternity
13:23 Tree of Eternity
13:45 Ancient of Wind
14:47 Tree of Life
14:50 Tree of Life
14:53 Ancient Protector
14:56 Ancient of Lore
18:46 Ancient of Wind
team 2 (winner)
GAGo (
pink | 35 APM | 934 actions | 26:46)
6 Paladin
1 Holy Light
3 Devotion Aura
1 Divine Shield
1 Resurrection
4 Mountain King
2 Thunder Clap
2 Bash
» actions
| Assign group hotkey | 14 | |
| Basic commands | 129 | |
| Build / train | 75 | |
| Enter build submenu | 23 | |
| Enter hero's abilities submenu | 10 | |
| Remove unit from queue | 2 | |
| Right click | 128 | |
| Select / deselect | 182 | |
| Select group hotkey | 315 | |
| Use ability | 56 | |
934 total
» units
| Peasant | 11 | |
| Footman | 9 | |
| Knight | 16 | |
| Goblin Shredder | 1 | |
| Sorceress | 3 | |
40 total
» upgrades
| Defend | 1 | |
| Swords | 3 | |
| Plating | 3 | |
| Animal War Training | 1 | |
| Sorceress Training | 2 | |
10 total
» buildings
| Altar of Kings | 1 | |
| Farm | 11 | |
| Barracks | 2 | |
| Keep | 1 | |
| Lumber Mill | 2 | |
| Blacksmith | 1 | |
| Arcane Vault | 1 | |
| Castle | 1 | |
| Arcane Sanctum | 1 | |
| Town Hall | 1 | |
22 total
» build order
00:25 Altar of Kings
00:29 Farm
01:05 Barracks
01:16 Barracks
01:31 Farm
02:11 Farm
03:05 Farm
03:55 Keep
05:24 Lumber Mill
05:30 Blacksmith
05:37 Lumber Mill
05:45 Arcane Vault
06:18 Castle
06:22 Farm
08:20 Arcane Sanctum
09:58 Farm
11:14 Farm
12:35 Farm
18:57 Farm
21:16 Farm
21:57 Farm
25:20 Town Hall
» items
| Scroll of Regeneration | 2 | |
| Lesser Clarity Potion | 1 | |
| Orb of Fire | 2 | |
| Boots of Speed | 2 | |
| Scroll of Town Portal | 1 | |
8 total
DaftCvnt (
yellow | 57 APM | 1529 actions | 26:47)
9 Archmage
3 Summon Water Elemental
3 Brilliance Aura
1 Mass Teleport
2 Blizzard
» actions
| Assign group hotkey | 201 | |
| Basic commands | 48 | |
| Build / train | 81 | |
| Enter build submenu | 37 | |
| Enter hero's abilities submenu | 10 | |
| Give item / drop item | 2 | |
| Right click | 521 | |
| Select / deselect | 332 | |
| Select group hotkey | 186 | |
| Use ability | 111 | |
1529 total
» units
| Peasant | 12 | |
| Footman | 4 | |
| Goblin Shredder | 1 | |
| Gryphon Rider | 8 | |
| Goblin Zeppelin | 1 | |
| Goblin Sapper | 2 | |
| Green Dragon | 1 | |
29 total
» upgrades
| Masonry | 3 | |
| Storm Hammers | 1 | |
| Animal War Training | 1 | |
| Swords | 3 | |
| Armor | 3 | |
| Cloud | 1 | |
12 total
» buildings
| Altar of Kings | 1 | |
| Barracks | 1 | |
| Farm | 7 | |
| Scout Tower | 22 | |
| Arcane Tower | 2 | |
| Keep | 1 | |
| Town Hall | 3 | |
| Arcane Vault | 1 | |
| Lumber Mill | 1 | |
| Castle | 1 | |
| Guard Tower | 8 | |
| Gryphon Aviary | 4 | |
| Blacksmith | 2 | |
54 total
» build order
00:35 Altar of Kings
00:36 Barracks
00:52 Farm
01:00 Farm
01:05 Farm
01:34 Farm
02:12 Scout Tower
03:05 Arcane Tower
03:44 Keep
04:06 Town Hall
04:17 Arcane Vault
04:39 Lumber Mill
04:47 Scout Tower
05:24 Scout Tower
05:24 Scout Tower
05:25 Scout Tower
05:26 Scout Tower
07:29 Castle
07:32 Arcane Tower
07:34 Guard Tower
07:43 Guard Tower
08:14 Guard Tower
08:35 Gryphon Aviary
08:39 Gryphon Aviary
08:53 Gryphon Aviary
09:05 Gryphon Aviary
09:14 Blacksmith
09:18 Blacksmith
09:26 Farm
11:30 Scout Tower
11:31 Scout Tower
11:34 Scout Tower
11:35 Scout Tower
11:37 Scout Tower
11:38 Scout Tower
11:41 Scout Tower
11:43 Scout Tower
12:24 Guard Tower
12:26 Guard Tower
14:55 Guard Tower
15:37 Farm
15:38 Farm
22:32 Town Hall
22:40 Scout Tower
22:40 Scout Tower
22:41 Scout Tower
22:41 Scout Tower
22:43 Scout Tower
22:43 Scout Tower
22:44 Scout Tower
22:45 Scout Tower
23:14 Guard Tower
24:10 Town Hall
24:24 Guard Tower
» items
| Lesser Clarity Potion | 1 | |
| Mechanical Critter | 6 | |
| Periapt of Vitality | 2 | |
| Potion of Lesser Invulnerability | 2 | |
| Scroll of Town Portal | 2 | |
| Scroll of Regeneration | 2 | |
| Potion of Healing | 1 | |
| Staff of Sanctuary | 1 | |
| Scroll of Healing | 1 | |
18 total

»
im_with_stupid (
orange | 47 APM | 1272 actions | 26:46)
8 Dreadlord
3 Sleep
3 Vampiric Aura
1 Inferno
1 Carrion Swarm
» actions
| Assign group hotkey | 21 | |
| Basic commands | 157 | |
| Build / train | 89 | |
| ESC pressed | 1 | |
| Enter build submenu | 18 | |
| Enter hero's abilities submenu | 8 | |
| Give item / drop item | 2 | |
| Remove unit from queue | 1 | |
| Right click | 236 | |
| Select / deselect | 293 | |
| Select group hotkey | 387 | |
| Use ability | 59 | |
1272 total
» units
| Acolyte | 11 | |
| Ghoul | 13 | |
| Gargoyle | 27 | |
| Green Dragon | 9 | |
60 total
» upgrades
| Cannibalize | 1 | |
| Creature Attack | 3 | |
| Creature Carapace | 2 | |
| Ghoul Frenzy | 1 | |
| Stone Form | 1 | |
8 total
» buildings
| Ziggurat | 9 | |
| Crypt | 3 | |
| Altar of Darkness | 2 | |
| Graveyard | 1 | |
| Nerubian Tower | 1 | |
| Halls of the Dead | 2 | |
| Spirit Tower | 4 | |
| Tomb of Relics | 1 | |
| Black Citadel | 1 | |
24 total
» build order
00:20 Ziggurat
00:22 Crypt
00:24 Altar of Darkness
00:28 Altar of Darkness
01:19 Crypt
01:48 Ziggurat
02:08 Graveyard
02:22 Ziggurat
03:54 Nerubian Tower
05:57 Halls of the Dead
06:20 Crypt
06:44 Ziggurat
06:44 Ziggurat
06:46 Ziggurat
07:41 Spirit Tower
07:44 Tomb of Relics
07:48 Ziggurat
09:44 Ziggurat
09:48 Ziggurat
11:12 Black Citadel
12:51 Spirit Tower
12:51 Spirit Tower
» items
| Boots of Speed | 1 | |
| Scroll of Healing | 1 | |
| Scroll of Protection | 1 | |
3 total
masterofsex (
teal | 44 APM | 1165 actions | 26:46)
8 Archmage
3 Summon Water Elemental
3 Brilliance Aura
1 Mass Teleport
1 Blizzard
» actions
| Basic commands | 83 | |
| Build / train | 110 | |
| Enter build submenu | 39 | |
| Enter hero's abilities submenu | 8 | |
| Give item / drop item | 1 | |
| Remove unit from queue | 3 | |
| Right click | 417 | |
| Select / deselect | 409 | |
| Use ability | 95 | |
1165 total
» units
| Peasant | 17 | |
| Footman | 6 | |
| Rifleman | 15 | |
| Sorceress | 8 | |
| Mortar Team | 3 | |
49 total
» upgrades
| Masonry | 3 | |
| Gunpowder | 4 | |
| Lumber Harvesting | 2 | |
| Long Rifles | 1 | |
| Armor | 3 | |
| Sorceress Training | 2 | |
| Magic Sentry | 1 | |
| Priest Training | 2 | |
| Flare | 1 | |
| Fragmentation Shards | 1 | |
20 total
» buildings
| Altar of Kings | 1 | |
| Farm | 13 | |
| Barracks | 1 | |
| Arcane Vault | 2 | |
| Town Hall | 2 | |
| Scout Tower | 12 | |
| Lumber Mill | 1 | |
| Keep | 1 | |
| Guard Tower | 10 | |
| Blacksmith | 1 | |
| Arcane Sanctum | 2 | |
| Castle | 1 | |
| Workshop | 2 | |
49 total
» build order
00:10 Altar of Kings
00:18 Farm
00:32 Barracks
01:04 Farm
01:51 Farm
02:07 Arcane Vault
02:31 Farm
03:18 Farm
04:27 Town Hall
04:30 Scout Tower
04:36 Scout Tower
04:48 Lumber Mill
04:53 Keep
05:00 Scout Tower
05:27 Scout Tower
05:32 Scout Tower
05:39 Guard Tower
06:06 Blacksmith
06:24 Scout Tower
06:26 Scout Tower
06:29 Guard Tower
06:56 Guard Tower
07:06 Scout Tower
07:36 Guard Tower
07:48 Arcane Sanctum
08:30 Castle
09:43 Arcane Sanctum
10:17 Guard Tower
10:52 Farm
11:10 Scout Tower
11:58 Guard Tower
12:04 Arcane Vault
12:08 Farm
12:50 Farm
13:50 Scout Tower
15:10 Guard Tower
15:16 Scout Tower
15:26 Farm
16:01 Guard Tower
16:03 Guard Tower
16:16 Farm
17:59 Scout Tower
18:07 Workshop
19:26 Farm
19:28 Farm
19:31 Guard Tower
19:33 Workshop
20:50 Farm
21:45 Town Hall
» items
| Scroll of Regeneration | 5 | |
| Potion of Healing | 1 | |
| Scroll of Town Portal | 3 | |
| Ivory Tower | 4 | |
| Scroll of Protection | 2 | |
15 total
Chat log
(00:09 / All) DaftCvnt: A queer is on the loose!
(00:48 / Allies) im_with_stupid: rush?
(00:55 / Allies) masterofsex: no
(00:56 / Allies) DaftCvnt: think not
(01:12 / Allies) masterofsex: get expos
(01:19 / Allies) masterofsex: units heroes?
(01:32 / Allies) im_with_stupid: ghoul to gargs
(01:40 / Allies) GAGo: ill melee
(01:42 / Allies) masterofsex: i got am casters
(05:05 / Allies) DaftCvnt: defend doesn't work against melee
(05:08 / Allies) DaftCvnt: and just makes your attacks slower
(09:44 / Allies) DaftCvnt: tier 1
(13:06 / Allies) DaftCvnt: out
(15:59 / Allies) DaftCvnt: go
(16:39 / Allies) masterofsex: coming
(17:15 / Allies) DaftCvnt: tey keep focusing AM when I have ankh lol
(18:51 / Allies) masterofsex: where
(18:56 / Allies) DaftCvnt: hit red
(19:00 / Allies) DaftCvnt: I'll hit green expo
(19:07 / Allies) DaftCvnt: and tp on you guys
(22:04 / All) DaftCvnt: Plug pulla, plug plug plug pulla
(22:58 / All) Tehbackstabbar: team is retarded
(23:05 / All) Tehbackstabbar: they though i didn't have web
(23:09 / All) Tehbackstabbar: but i did
(23:11 / All) Tehbackstabbar: all the time
(23:16 / All) im_with_stupid: you shoulda had web bro
(23:21 / All) DaftCvnt: why didn't you have web
(23:21 / All) Tehbackstabbar: lol i did
(23:24 / All) Tehbackstabbar: that is the point
(23:28 / All) DaftCvnt: how do you got web
(23:32 / All) Tehbackstabbar: i HAD web
(23:53 / All) Tehbackstabbar: for some reason purple has necro
(23:59 / All) Tehbackstabbar: but nothing to go with them
(24:05 / All) Tehbackstabbar: lv 3 dk
(24:14 / All) Tehbackstabbar: pathetic
(24:17 / All) Tehbackstabbar: died so many times
(24:22 / All) Tehbackstabbar: worst undead player ever
(24:27 / All) Tehbackstabbar: if you guys play with him
(24:32 / All) Tehbackstabbar: don't hesitate to teamkill
(24:37 / All) DaftCvnt: you deserve your fate
(24:39 / All) Tehbackstabbar: you'll do better without him
(24:50 / All) DaftCvnt: you're a jackass that didn't even have web all game
(25:23 / All) Tehbackstabbar: lol purple didn't even have burrow
(25:25 / All) Tehbackstabbar: the noob
(25:34 / All) Tehbackstabbar: garbage undead player lol
(25:41 / All) Tehbackstabbar: look at his units
(26:11 / All) DaftCvnt: game could have been close if red had web
(26:17 / All) Tehbackstabbar: i had web
(26:18 / All) Tehbackstabbar: lol
(26:23 / All) Tehbackstabbar: watch the replay
(26:24 / All) im_with_stupid: Such newb to not have web
(26:25 / All) Tehbackstabbar: and see
(26:29 / All) DaftCvnt: pretty sure you didn't
(26:32 / All) DaftCvnt: purple had web
(26:35 / All) Tehbackstabbar: watch replay
(26:36 / All) DaftCvnt: he was good ud
(26:42 / All) Tehbackstabbar: purple didn't have burrow